 Dungeon Crawl Stone Soup version 0.29-a0-234-g0dae59b3db (webtiles) character file.

Game seed: 8505187230034423561

3818 spaghetti the Fighter (level 9, -7/79 HPs)
             Began as a Demonspawn Delver on Mar 3, 2022.
             Was an Initiate of Gozag.
             Mangled by a shadow (29 damage)
             ... on level 8 of the Dungeon.
             The game lasted 00:12:01 (7865 turns).

spaghetti the Fighter (Demonspawn Delver)           Turns: 7865, Time: 00:12:02

Health: -7/79      AC:  9    Str: 22    XL:     9   Next: 97%
Magic:  9/9        EV: 12    Int: 12    God:    Gozag
Gold:   1155       SH:  0    Dex: 21    Spells: 8/8 levels left

rFire   . . .      SeeInvis .   e - +2 rapier (elec) {short}
rCold   . . .      Faith    .   (no shield)
rNeg    . . .      Spirit   .   b - +0 leather armour
rPois   .          Reflect  .   w - +1 helmet
rElec   .          Harm     .   l - +0 cloak
rCorr   .          Rampage  .   (no gloves)
Will    .....                   (no boots)
Stlth   +++.......              k - amulet of regeneration {@e2}
HPRegen 1.03/turn               i - +6 ring of strength
MPRegen 0.11/turn               y - +6 ring of dexterity

@: gold aura
A: thin metallic scales 2, demonic guardian 1, spiny 2
a: Renounce Religion, Potion Petition, Call Merchant, Bribe Branch


You were on level 8 of the Dungeon.
You worshipped Gozag.
Gozag was most pleased with you.
You visited 2 branches of the dungeon, and saw 9 of its levels.

You collected 1190 gold pieces.
You paid 35 gold pieces to Gozag.


Innate Abilities, Weirdness & Mutations

You are mostly covered in thin metallic scales. (AC +3)
A weak demonic guardian rushes to your aid.
You are mostly covered in sharp spines.


   Skills:
 + Level 10.7 Fighting
 - Level 4.3(4.5) Short Blades
 - Level 1.7(3.3) Long Blades
 + Level 8.0 Throwing
 - Level 1.7 Dodging
 - Level 4.5 Stealth


You had 8 spell levels left.
You didn't know any spells.
Your spell library contained the following spells:

 Spells                   Type           Power      Damage    Failure   Level
 Sandblast                Erth           0%         2d4       36%         1
 Slow                     Hex            0%         N/A       36%         1
 Passwall                 Tmut/Erth      0%         N/A       50%         2
 Confusing Touch          Hex            0%         N/A       75%         3
 Gell's Gravitas          Tloc           0%         N/A       75%         3
 Lesser Beckoning         Tloc           0%         N/A       75%         3
 Stone Arrow              Conj/Erth      0%         3d7       75%         3
 Teleport Other           Tloc           0%         N/A       75%         3
 Animate Armour           Summ/Erth      0%         N/A       98%         4
 Blade Hands              Tmut           0%         N/A       100%        5
 Yara's Violent Unravell  Hex/Tmut       0%         3d3       100%        5
 Iron Shot                Conj/Erth      0%         9d1       100%        6
 Enfeeble                 Hex            0%         N/A       100%        7

Inventory:

Hand Weapons
 a - a +0 falchion {long}
 e - a +2 rapier of electrocution (weapon) {short}
   (You found it on level 6 of the Dungeon)
Missiles
 j - 242 stones {throwing}
 m - 5 boomerangs (quivered) {throwing}
 p - 14 boomerangs of dispersal {=f!fthrowing}
 x - 17 poisoned darts {throwing}
 E - 6 curare-tipped darts {=fthrowing}
Armour
 b - a +0 leather armour (worn)
 l - a +0 cloak (worn)
   (You found it on level 5 of the Dungeon)
 v - the +5 ring mail of Jiliong {*Slow Regen+ Int+7 Dex-2}
   (You found it on level 2 of the Dungeon)

   Int:       It affects your intelligence (+7).
   Dex:       It affects your dexterity (-2).
   Regen:     It increases your rate of health regeneration.
   *Slow:     It may slow you when you take damage.
 w - a +1 helmet (worn)
   (You found it on level 2 of the Dungeon)
Jewellery
 i - a +6 ring of strength (left hand)
   (You found it on level 5 of the Dungeon)
 k - an amulet of regeneration (around neck) {@e2}
   (You found it on level 5 of the Dungeon)
 o - a ring of fire
   (You found it on level 4 of the Dungeon)
 t - a ring of positive energy
   (You found it on level 3 of the Dungeon)
 y - a +6 ring of dexterity (right hand)
   (You found it on level 1 of the Dungeon)
 D - a ring of wizardry
   (You found it on level 7 of the Dungeon)
Wands
 g - a wand of digging (1)
 r - a wand of polymorph (19)
   (You found it on level 4 of the Dungeon)
 F - a wand of mindburst (17)
   (You found it on level 8 of the Dungeon)
Scrolls
 c - a scroll of enchant armour
 d - 2 scrolls of magic mapping {!r}
 f - a scroll of vulnerability {!r!r}
 q - a scroll of brand weapon {unknown}
 s - a scroll of torment {!r}
 u - 2 scrolls of immolation {!r!r}
 B - 2 scrolls of teleportation {@r4}
 C - a scroll of noise {!r}
Potions
 h - a potion of degeneration {!q@e2}
 n - 2 potions of curing {unknown}
 z - 2 potions of haste {@q3}
 A - 2 potions of attraction {unknown}

Dungeon Overview and Level Annotations

Branches:
Dungeon (8/15)             Temple (1/1) D:4
   Lair: D:8-11

Altars:
Ashenzari
Cheibriados
Dithmenos
Elyvilon
Fedhas
Gozag
Hepliaklqana
Kikubaaqudgha
Makhleb
Nemelex Xobeh
Okawaru
Qazlal
Ru
Trog
Uskayaw
Vehumet
Wu Jian
Yredelemnul
Zin
The Shining One

Shops:
D:3 [   D:4 =

Annotations:
D:3 3 runed translucent doors, bande's ghost, amateur GrFi
D:4 1 runed translucent door, PaleWalker's ghost, amateur MiBe

##..#####..##.........
....##......).........
#.#.#..####...######## ########
#.#.#.##..##..# .......#
#.#.#.#.[..#..# .......#
#.....#....#..# .......#
##..#####..##..# .......#
#..##.###'##...# .......#
#..#..@{o#####.###### .......#
#..##)###o.!.##.....# .#######
#...#'#.#.?...#.....#
.##########...[...#$....#)....#
.............#..#.#/[?..#.....#
.##############.#.##..=##.#####
.# #.##.#####.## .##########
#.........## .#....#..<#
##.####.###


You could see 2 orcs.


Message History

Your punch misses the orc warrior.
The orc is no longer distracted by gold.
The orc warrior closely misses you.
You hit the orc warrior. The orc warrior barely misses you.
You hit the orc warrior. The orc warrior closely misses you.
You hit the orc warrior.
The orc warrior is struck by your spines.
The orc warrior closely misses you.
You hit the orc warrior.
You kill the orc warrior!
The orc is distracted by your dazzling golden aura.
You puncture the orc! Lightning courses through the orc!
You kill the orc!
The orc is distracted by your dazzling golden aura.
You barely miss the howler monkey.
The howler monkey hoots and howls with incredible vigour!
The howler monkey closely misses you.
The orc shouts!
You hit the howler monkey.
The orc is no longer distracted by gold.
The orc misses you. The howler monkey barely misses you.
You hit the howler monkey. You punch the howler monkey.
The orc hits you from afar with a +0 trident.
The howler monkey misses you. 😕 HP[-2]
You take 2 damage, and now have 77/79 hp.
You puncture the howler monkey!
You kill the howler monkey!
The orc barely misses you. 😕 HP[+1]
You barely miss the yak.
The orc is no longer distracted by gold.
The orc is distracted by your dazzling golden aura.
The yak is struck by your spines.
The yak gores you but does no damage. 😎 HP[+1]
Your hp is fully restored (79).
You barely miss the yak.
The orc shouts!
The yak is struck by your spines. The yak gores you but does no damage.
You hit the yak. Lightning courses through the yak!
The yak is struck by your spines. The yak gores you but does no damage.
The orc is distracted by your dazzling golden aura.
The orc shouts!
You hit the yak. Lightning courses through the yak!
You kill the yak!
Your Throwing skill increases to level 8!
You hit the orc.
You kill the orc!
The orc is no longer distracted by gold.
The orc hits you from afar with a +0 trident. 😕 HP[-1]
You take 1 damage, and now have 78/79 hp.
You hit something but do no damage.
The orc is no longer distracted by gold.
The shadow strikes at you from the darkness!
Reactivating autopickup.
The orc hits you from afar with a +0 trident. 😮 HP[-31]
You take 31 damage, and now have 47/79 hp.
MASSIVE DAMAGE!! (PAUSE)
You hit the shadow. The shadow barely misses you.
The orc closely misses you. 😮 HP[+1]
You hit the shadow. The shadow hits you. The orc barely misses you. 😮 HP[-2]
You take 2 damage, and now have 46/79 hp.
You puncture the shadow! The shadow hits you.
The orc barely misses you. 😮 HP[-5]
You take 5 damage, and now have 41/79 hp.
You hit the shadow. The shadow hits you!
* * * LOW HITPOINT WARNING * * *
The orc hits you but does no damage. 😨 HP[-10]
You take 10 damage, and now have 31/79 hp.
There is an open door, spattered with blood here. 😨 HP[+1]
The shadow slips into darkness.
The shadow flickers and vanishes!
Deactivating autopickup; reactivate with Ctrl-A. 😨 HP[+1]
Aiming: Mindburst
Press: ? - help, Shift-Dir - straight line, f - orc
Aim: an orc, wielding a +0 whip (chance to affect: 79%) Nothing appears to happen.
The shadow strikes at you from the darkness!
* * * LOW HITPOINT WARNING * * *
Reactivating autopickup. 😨 HP[-13]
You take 13 damage, and now have 20/79 hp.
Aiming: Mindburst
Press: ? - help, Shift-Dir - straight line, f/p - orc
Aim: an orc, wielding a +0 whip (chance to affect: 79%)
The shadow resists with some effort.
The shadow slips into darkness.
The shadow flickers and vanishes!
Deactivating autopickup; reactivate with Ctrl-A. 😨 HP[+1]
You barely miss something.
The shadow strikes at you from the darkness!
You die...
Your body crumbles into a pile of gold.

Skill      XL: |  1  2  3  4  5  6  7  8  9 |
---------------+----------------------------+-----
Short Blades   | 3 4 |  4.3
Fighting       | 5 6 7 9 10 | 10.7
Throwing       | 3 5 8 |  8.0
Long Blades    | |  1.7
Dodging        | |  1.7
Stealth        | |  4.5

Action                   |  1- 3 |  4- 6 |  7- 9 || total
-------------------------+-------+-------+-------++-------
Melee: Rapier            |     6 |    52 |   386 ||   444
       Punch             |       |     1 |     8 ||     9
Throw: Stone             |       |     5 |    12 ||    17
       Boomerang         |       |       |     1 ||     1
Evoke: Wand              |       |       |     4 ||     4
  Use: Scroll            |     1 |     3 |     8 ||    12
       Potion            |       |     2 |     5 ||     7
 Stab: Sleeping          |     3 |     2 |    20 ||    25
       Distracted        |       |     1 |     3 ||     4
Armor: Leather armour    |     1 |    12 |   112 ||   125
       Skin              |       |       |    12 ||    12
Dodge: Dodged            |     1 |    29 |   178 ||   208

Levels and vault maps discovered:
D:1:      amcnicky_arrival_feature_with_door, layout_rooms,
          shapermc_ecumenical_altar_rom_forum, serial_bayou_ford_a,
          minmay_statues_item
D:2:      layout_basic, minmay_pentomino_q4, uniq_crazy_yiuf_cottage
D:3:      layout_basic, serial_forest, infiniplex_forest_pool,
          infiniplex_forest_lined_2, infiniplex_forest_clump_medium,
          infiniplex_forest_zigzag_1, gammafunk_ghost_necromancy, serial_shops,
          shop_statue, minmay_surrounded
D:4:      layout_layer_cave, minmay_temple_entry_arrows,
          ebering_ghost_inner_flame, serial_shops, nicolae_shop_behind_doors,
          uniq_sigmund
D:5:      layout_loops_ring
D:6:      layout_loops_ring, gup_sewer_entry_pipe, columned_hall_lemuel,
          chequers_serial_rivers_micro_e
D:7:      layout_rooms, nicolae_concentric_dashed_squares_mild,
          minmay_unpleasant_kobolds
D:8:      layout_basic, serial_ice, serial_ice_e, serial_ice_f, serial_ice_i,
          serial_ice_b, minmay_joined_circles
Temple:   mainiacjoe_temple_cubbyholes

Notes
Turn   | Place    | Note
-------+----------+-------------------------------------------
     0 | D:5      | spaghetti the Demonspawn Delver began the quest for the
                  | Orb.
     0 | D:5      | Reached XP level 1. HP: 18/18 MP: 1/1
     0 | D:5      | magus.rc [v1.9.6]
     1 | D:6      | Noticed a sky beast
     1 | D:6      | Noticed an ogre
    57 | D:5      | Noticed a scorpion
    62 | D:5      | Killed a scorpion
    63 | D:5      | Reached skill level 3 in Short Blades
    63 | D:5      | Gained mutation: You are partially covered in thin metallic
                  | scales. (AC +2) [demonic ancestry]
    63 | D:5      | Reached XP level 2. HP: 13/24 MP: 2/2
    63 | D:5      | Gained mutation: A weak demonic guardian rushes to your
                  | aid. [demonic ancestry]
    63 | D:5      | Reached XP level 3. HP: 15/29 MP: 3/3
   396 | D:5      | Reached XP level 4. HP: 35/35 MP: 4/4
   622 | D:5      | You pick up a book of Iron and begin reading...
   622 | D:5      | You add the spells Animate Armour, Blade Hands and Iron
                  | Shot to your library.
   673 | D:5      | Reached skill level 4 in Short Blades
   903 | D:5      | Reached XP level 5. HP: 41/41 MP: 5/5
  1318 | D:6      | Killed an ogre
  1319 | D:6      | Reached skill level 4 in Fighting
  1352 | D:6      | Killed a sky beast
  1353 | D:6      | Reached skill level 5 in Fighting
  1353 | D:6      | Reached XP level 6. HP: 46/51 MP: 6/6
  1549 | D:6      | Reached skill level 6 in Fighting
  1549 | D:6      | Gained mutation: You are mostly covered in thin metallic
                  | scales. (AC +3) [demonic ancestry]
  1549 | D:6      | Reached XP level 7. HP: 58/58 MP: 7/7
  1582 | D:6      | Reached skill level 1 in Throwing
  1762 | D:6      | Reached skill level 2 in Throwing
  1767 | D:6      | HP: 9/51 [wight/+2 long sword of freezing (4)]
  1876 | D:4      | Noticed Sigmund
  1910 | D:4      | HP: 12/51 [poisoned by a killer bee]
  1915 | D:4      | HP: 4/53 [something (10)]
  1920 | D:4      | HP: 3/53 [killer bee (4)]
  1928 | D:4      | You pick up a book of Displacement and begin reading...
  1928 | D:4      | You add the spells Lesser Beckoning, Gell's Gravitas and
                  | Teleport Other to your library.
  1934 | D:4      | HP: 11/55 [killer bee (1)]
  1936 | D:4      | HP: 5/55 [killer bee (4)]
  1941 | D:4      | HP: 4/57 [poisoned by a killer bee]
  2195 | D:6      | Reached skill level 7 in Fighting
  2195 | D:6      | Reached skill level 3 in Throwing
  2376 | D:6      | Gained mutation: You are partially covered in sharp spines.
                  | [demonic ancestry]
  2376 | D:6      | Reached XP level 8. HP: 67/67 MP: 8/8
  2601 | D:4      | Found a staircase to the Ecumenical Temple.
  2634 | D:4      | Found a runed translucent door.
  2636 | D:4      | Noticed PaleWalker's ghost (amateur MiBe)
  2740 | D:4      | Killed Sigmund
  2741 | D:4      | Reached skill level 4 in Throwing
  3327 | D:4      | Found Rudocoeg's Jewellery Shoppe.
  3380 | D:4      | Reached skill level 8 in Fighting
  3684 | Temple   | Entered the Ecumenical Temple
  3986 | Temple   | Became a worshipper of Gozag Ym Sagoz the Greedy
  4202 | D:3      | Found a runed translucent gate.
  4203 | D:3      | Found a runed translucent gate.
  4205 | D:3      | Found a runed translucent gate.
  4330 | D:3      | Found Muip's Armour Emporium.
  4680 | D:3      | Noticed bande's ghost (amateur GrFi)
  4989 | D:2      | Identified the +5 ring mail of Jiliong {*Slow Regen+ Int+7
                  | Dex-2}
  5384 | D:2      | You pick up a book of Misfortune and begin reading...
  5384 | D:2      | You add the spells Confusing Touch, Yara's Violent
                  | Unravelling and Enfeeble to your library.
  5451 | D:2      | Reached skill level 5 in Throwing
  5698 | D:2      | Found a runed translucent door.
  5699 | D:2      | Noticed Crazy Yiuf
  5992 | D:1      | You pick up a book of Geomancy and begin reading...
  5992 | D:1      | You add the spells Sandblast, Passwall and Stone Arrow to
                  | your library.
  6050 | D:1      | Found a faded altar of an unknown god.
  6061 | D:1      | Got Plato's Catalogue of Execration {@e2}
  6554 | D:2      | Killed Crazy Yiuf
  6721 | D:7      | Noticed a gargoyle
  6729 | D:7      | Killed a gargoyle
  6773 | D:7      | Reached skill level 9 in Fighting
  6773 | D:7      | Gained mutation: You are mostly covered in sharp spines.
                  | [demonic ancestry]
  6773 | D:7      | Reached XP level 9. HP: 76/76 MP: 9/9
  7121 | D:7      | Reached skill level 6 in Throwing
  7613 | D:8      | Paralysed by a hornet for 2 turns
  7616 | D:8      | Reached skill level 10 in Fighting
  7616 | D:8      | Reached skill level 7 in Throwing
  7620 | D:8      | HP: 29/117 [vampire mosquito (9)]
  7855 | D:8      | Reached skill level 8 in Throwing
  7865 | D:8      | Mangled by a shadow

Vanquished Creatures
  A gargoyle (D:7)
  A hornet (D:8)
  Sigmund (D:4)
  2 yaks (D:8)
  A vampire mosquito (D:8)
  An orc warrior (D:8)
  2 sky beasts
  3 ice beasts
  3 ogres
  A black bear (D:8)
  3 kobold brigands
  4 bullfrogs
  A scorpion (D:5)
  5 wights
  A hornet simulacrum (D:8)
  4 killer bees
  A howler monkey (D:8)
  3 hounds
  An orc priest (D:3)
  Crazy Yiuf (D:2)
  A gnoll shaman (D:8)
  A jelly (D:6)
  2 iguanas
  2 orc wizards
  3 centaur simulacra (D:8)
  3 gnolls (D:2)
  12 adders
  A shadow imp (D:7)
  A white imp (D:8)
  4 ufetubi
  3 worms
  6 dart slugs
  26 orcs
  6 bats (D:1)
  10 endoplasms
  6 giant cockroaches
  9 goblins
  6 hobgoblins
  11 jackals
  18 kobolds
  8 quokkas
  5 ball pythons
  3 frilled lizards
  3 rats
190 creatures vanquished.

Vanquished Creatures (collateral kills)
  A kobold brigand (D:8)
  2 killer bees (D:4)
  An orc (D:5)
  A hobgoblin (D:2)
5 creatures vanquished.

Grand Total: 195 creatures vanquished

Table legend:
 A = Non-vault XP
 B = Vault XP
 C = Vault XP percentage of total XP
 D = Non-vault monster count
 E = Vault monster count
 F = Vault count percentage of total count
                 A         B        C        D         E       F
            +---------+---------+-------+---------+---------+-------
      Total |    3080 |    2375 |  43.5 |     151 |      44 |  22.6
            +---------+---------+-------+---------+---------+-------
        D:1 |      54 |       0 |   0.0 |      29 |       0 |   0.0
        D:2 |      80 |      51 |  38.9 |      16 |       5 |  23.8
        D:3 |     155 |      17 |   9.9 |      33 |       3 |   8.3
        D:4 |     438 |     212 |  32.6 |      17 |       1 |   5.6
        D:5 |     262 |       0 |   0.0 |      15 |       0 |   0.0
        D:6 |    1039 |      12 |   1.1 |      19 |       6 |  24.0
        D:7 |     595 |     102 |  14.6 |      12 |       6 |  33.3
        D:8 |     457 |    1981 |  81.3 |      10 |      23 |  69.7
            +---------+---------+-------+---------+---------+-------

Illustrated notes

Table legend:
 A = Kills in this place as a percentage of kills in entire the game.
 B = Kills by you in this place as a percentage of kills by you in the entire game.
 C = Kills by friends in this place as a percentage of kills by friends in the entire game.
 D = Other kills in this place as a percentage of other kills in the entire game.
 E = Experience gained in this place as a percentage of experience gained in the entire game.
 F = Experience gained in this place divided by the number of levels of this place that you have seen.
                   A       B       C       D       E      F
               +-------+-------+-------+-------+-------+----------------------
         Total | 100.0 | 100.0 | 100.0 |   N/A | 100.0 | 606.1
       Dungeon | 100.0 | 100.0 | 100.0 |   N/A | 100.0 | 681.9
               +-------+-------+-------+-------+-------+----------------------

Table legend: (Time is in decaauts)
 A = Elapsed time spent in this place.
 B = Non-inter-level travel time spent in this place.
 C = Inter-level travel time spent in this place.
 D = Time resting spent in this place.
 E = Time spent auto-exploring this place.
 F = Levels seen in this place.
 G = Mean time per level.
                   A        B        C        D        E       F      G
               +--------+--------+--------+--------+--------+-----+--------+
         Total |   7853 |   7353 |    500 |    818 |   5277 |   9 |  872.6 |
       Dungeon |   7514 |   7075 |    439 |    818 |   5000 |   8 |  939.2 |
        Temple |    339 |    279 |     60 |      0 |    277 |   1 |  339.0 |
               +--------+--------+--------+--------+--------+-----+--------+

Top non-repeatable levels by time:
     D:5: 1431 daAuts
     D:4: 1365 daAuts
     D:2: 1129 daAuts
     D:3: 943 daAuts
     D:6: 934 daAuts
     D:8: 677 daAuts
     D:1: 534 daAuts
     D:7: 498 daAuts
  Temple: 339 daAuts
